 Dungeon Crawl Stone Soup version 0.29-a0-334-gb41bcbb86e (webtiles) character file.

Game seed: 17382908979539429356

340 rageheart7 the Skirmisher (level 6, -8/35 HPs)
             Began as a Vine Stalker Abyssal Knight on Apr 14, 2022.
             Was an Elder of Lugonu.
             Mangled by Duvessa
             ... wielding a +2 short sword of venom
              (10 damage)
             ... on level 4 of the Dungeon.
             The game lasted 00:04:04 (3017 turns).

rageheart7 the Skirmisher (VSAK)                    Turns: 3017, Time: 00:04:05

Health: -8/35      AC: 26    Str: 16    XL:     6   Next: 56%
Magic:  0/8        EV:  6    Int: 10    God:    Lugonu [****..]
Gold:   266        SH:  0    Dex: 16    Spells: 5/5 levels left

rFire   . . .      SeeInvis .   b - +0 short sword (distort)
rCold   . . .      Faith    .   (no shield)
rNeg    . . .      Spirit   +   m - +18 Lear's hauberk
rPois   .          Reflect  .   (helmet currently unavailable)
rElec   .          Harm     .   (no cloak)
rCorr   .          Rampage  .   (gloves currently unavailable)
Will    .....                   (boots currently unavailable)
Stlth   ..........              (no amulet)
HPRegen 0.91/turn               (no ring)
MPRegen 0.11/turn               (no ring)

@: lethally poisoned (-8 -> -13)
A: fangs 2, regeneration 1, magic shield, antimagic bite, no potion heal 2
a: Renounce Religion, Depart the Abyss, Bend Space, Banish, Corrupt


You were on level 4 of the Dungeon.
You worshipped Lugonu.
Lugonu was greatly pleased with you.
You visited 1 branch of the dungeon, and saw 4 of its levels.
You visited the Abyss 1 time.

You collected 266 gold pieces.

Inventory:

Hand Weapons
 b - a +0 short sword of distortion (weapon)
Missiles
 g - 2 throwing nets
Armour
 c - a +0 ring mail
 i - a +1 pair of boots
 m - the +18 Lear's hauberk (worn)
   (You found it on level 4 of the Dungeon)
Wands
 a - a wand of flame (17)
 f - a wand of polymorph (8)
Scrolls
 k - 2 scrolls of teleportation
 o - a scroll of identify
Potions
 d - a potion of magic
 e - a potion of brilliance
 h - 2 potions of heal wounds
 j - 2 potions of resistance {unknown}
 l - a potion of curing
 n - a potion of haste {unknown}
 p - a potion of invisibility {unknown}
 q - a potion of flight {unknown}


   Skills:
 * Level 5.0 Fighting
 * Level 4.5 Short Blades
 - Level 1.5 Armour
 - Level 0.7 Dodging
 - Level 1.7 Invocations


You had 5 spell levels left.
You didn't know any spells.
Your spell library contained the following spells:

 Spells                   Type           Power      Damage    Failure   Level
 Ignite Poison            Fire/Tmut/Pois 0%         N/A       100%        3
 Mephitic Cloud           Conj/Pois/Air  0%         N/A       100%        3
 Freezing Cloud           Conj/Ice/Air   0%         6-21      100%        5


Dungeon Overview and Level Annotations

Branches:
Dungeon (4/15)
 Temple: D:4-7

Altars:

Annotations:
D:4 Duvessa


Innate Abilities, Weirdness & Mutations

You have extremely sharp teeth.
Your natural rate of healing is unusually fast.
When hurt, damage is shared between your health and your magic reserves.
Your bite disrupts and absorbs the magic of your enemies.
Potions cannot restore your health.


Message History

Dowan hits you but does no damage. Duvessa barely misses you.
You hit Dowan.
Space warps around Dowan!
Your bite misses Dowan.
Dowan is almost dead.
Dowan hits you but does no damage. Duvessa hits you but does no damage.
You are poisoned.
You barely miss Dowan.
Dowan is almost dead.
You feel sick.
Duvessa hits you with a +2 short sword of venom.
You are more poisoned.
Dowan barely misses you.
You closely miss Dowan.
Dowan is almost dead.
You feel very sick.
You hit Dowan.
You kill Dowan!
Lugonu accepts your kill.
Duvessa screams in rage.
Duvessa goes berserk!
You feel very sick.
Duvessa hits you with a +2 short sword of venom!
You are more poisoned.
Duvessa hits you but does no damage.
Your Fighting skill increases to level 5!
Duvessa attacks as you move away! Duvessa hits you but does no damage.
You feel very sick.
You feel very sick. Duvessa hits you but does no damage.
You are lethally poisoned!
Duvessa attacks as you move away! Duvessa hits you but does no damage.
You are more poisoned.
* * * LOW HITPOINT WARNING * * *
You feel extremely sick.
Duvessa rages.
Your system rejects the healing.
You feel better.
Duvessa hits you with a +2 short sword of venom!
* * * LOW HITPOINT WARNING * * *
You are lethally poisoned!
Duvessa hits you with a +2 short sword of venom!
You die...

.......#..######.....#
###.###..#... ..#...#
#....>..#..#####.....#
#.........##.....#.>.###
#.......#.(....#...)...#
#..........#####.......#
#........#######.......#
..#.##.### #....e......#
##..#..# #..##.@......#
##....## #.?......#
#..#### #.########
...#####.# ##.#
.#....)..# ##..#
....##### ##..## .).##
#..## .###
##.########### .#
##.....##.....##


You could see Duvessa (berserk).

Vanquished Creatures
  A phantom (D:4)
  Dowan (D:4)
  4 gnolls (D:2)
  4 adders
  A shadow imp (D:4)
  A white imp (D:3)
  2 worms (D:2)
  5 orcs
  5 ball pythons
  8 endoplasms
  8 hobgoblins
  19 jackals
  6 quokkas
  5 frilled lizards
  10 goblins
  4 kobolds
  A rat (D:1)
85 creatures vanquished.

Notes
Turn   | Place    | Note
-------+----------+-------------------------------------------
     0 | Abyss:1  | rageheart7 the Vine Stalker Abyssal Knight began the quest
                  | for the Orb.
     0 | Abyss:1  | Reached XP level 1. HP: 11/11 MP: 3/3
    50 | Abyss:1  | Found a corrupted altar of Lugonu.
   136 | Abyss:1  | Noticed an iron imp
   137 | D:1      | Escaped the Abyss
   388 | D:1      | Reached XP level 2. HP: 11/16 MP: 4/4
   394 | D:1      | Reached skill level 3 in Fighting
   917 | D:1      | Reached XP level 3. HP: 16/20 MP: 5/5
  1734 | D:2      | Gained mutation: Your natural rate of healing is unusually
                  | fast. [Vine Stalker growth]
  1734 | D:2      | Reached XP level 4. HP: 8/25 MP: 2/6
  2225 | D:2      | Reached skill level 4 in Fighting
  2302 | D:3      | Reached *** piety under Lugonu
  2352 | D:3      | Reached XP level 5. HP: 29/29 MP: 5/7
  2733 | D:4      | Found the +18 Lear's hauberk
  2793 | D:4      | Noticed a phantom
  2805 | D:4      | Killed a phantom
  2806 | D:4      | Reached XP level 6. HP: 34/34 MP: 8/8
  2864 | D:4      | Reached **** piety under Lugonu
  2999 | D:4      | Noticed Dowan
  3002 | D:4      | Noticed Duvessa
  3013 | D:4      | Killed Dowan
  3014 | D:4      | Reached skill level 5 in Fighting
  3017 | D:4      | Mangled by Duvessa

Illustrated notes

Levels and vault maps discovered:
D:1:      lemuel_arrival_lava_pool, layout_rooms, serial_corexii_hall,
          chequers_hall_statues_wall_a, chequers_hall_statues_wall_a,
          corexii_hall_statues_x
D:2:      layout_loops_ring
D:3:      layout_rooms, minmay_misc_feat_pillars
D:4:      layout_rooms, uniq_ijyb, uniq_duvessa

Skill      XL: |  1  2  3  4  5  6 |
---------------+-------------------+-----
Short Blades   | 2 3 4 |  4.5
Fighting       | 3 4 5 |  5.0
Armour         | |  1.5
Dodging        | |  0.7
Invocations    | |  1.7

Action                   |  1- 3 |  4- 6 || total
-------------------------+-------+-------++-------
Melee: Short sword       |   113 |   158 ||   271
       Bite              |    30 |    25 ||    55
       Punch             |     1 |     1 ||     2
Invok: Depart the Abyss  |     1 |       ||     1
  Use: Scroll            |       |     8 ||     8
       Potion            |       |     3 ||     3
 Stab: Sleeping          |     1 |       ||     1
Armor: Ring mail         |    26 |    39 ||    65
       Leather armour    |     1 |       ||     1
       Skin              |       |    19 ||    19
       Chain mail        |       |    25 ||    25
Dodge: Dodged            |    55 |    76 ||   131

Table legend: (Time is in decaauts)
 A = Elapsed time spent in this place.
 B = Non-inter-level travel time spent in this place.
 C = Inter-level travel time spent in this place.
 D = Time resting spent in this place.
 E = Time spent auto-exploring this place.
 F = Levels seen in this place.
 G = Mean time per level.
                   A        B        C        D        E       F      G
               +--------+--------+--------+--------+--------+-----+--------+
         Total |   3001 |   2914 |     87 |     13 |   2281 |   5 |  600.2 |
       Dungeon |   2864 |   2777 |     87 |     13 |   2146 |   4 |  716.0 |
         Abyss |    137 |    137 |      0 |      0 |    135 |   1 |  137.0 |
               +--------+--------+--------+--------+--------+-----+--------+

Top non-repeatable levels by time:
     D:1: 1279 daAuts
     D:2: 868 daAuts
     D:3: 435 daAuts
     D:4: 280 daAuts
 Abyss:1: 137 daAuts
